 Dungeon Sprint DCSS version 0.17-a0-1719-g1afd5a1 (webtiles) character file.

18600000 ztt the Plane Walker (level 27, -113/273 HPs)
             Began as a Ghoul Warper on Aug 27, 2015.
             Was the Champion of Makhleb.
             Annihilated by a sculptor of flesh
             ... wielding a +9 great sword
              (276 damage)
             ... in the Dungeon (Sprint VIII: "Arena of Blood").
             The game lasted 00:05:35 (186 turns).

ztt the Plane Walker (Ghoul Warper)                  Turns: 186, Time: 00:05:35

Health: -113/273   AC:  6    Str: 28    XL:     27
Magic:  45/53      EV: 21    Int:  8    God:    Makhleb [******]
Gold:   0          SH:  0    Dex:  8    Spells: 2 memorised, 77 levels left

rFire  . . .     SeeInvis +     l - +∞ Axe of Woe
rCold  + . .     Clarity  .     b - +0 leather armour
rNeg   + + +     SustAt   .     (no shield)
rPois  ∞         Gourm    .     (no helmet)
rElec  .         Spirit   .     (no cloak)
rCorr  .         Warding  .     (no gloves)
rMut   .         NoTele   +     (no boots)
MR     ++...                    (no amulet)
Stlth  +++.......               (no ring)
                                m - ring of see invisible

@: rotting, slowed, very slow, very resistant to hostile enchantments, fairly
stealthy
A: rotting body, claws 1, carnivore 3, cold resistance 1, negative energy
resistance 3, slow healing 1, torment resistance, unbreathing
a: Minor Destruction, Lesser Servant of Makhleb, Major Destruction, Greater
Servant of Makhleb, Renounce Religion
0: Orb of Zot


You were in the Dungeon.
You worshipped Makhleb.
Makhleb was exalted by your worship.
You were not hungry.

You visited 1 branch

Inventory:

Hand weapons
 a - a +0 hand axe
 l - the +∞ Axe of Woe (weapon)
   (You found it in the Dungeon)
Missiles
 e - 5 tomahawks of dispersal (quivered)
Armour
 b - a +0 leather armour (worn)
Jewellery
 m - a ring of see invisible (left claw)
Scrolls
 d - 2 scrolls of blinking
Potions
 g - a potion of curing
 h - a potion of heal wounds
 i - a potion of haste
 j - 2 potions of magic
 k - a potion of berserk rage
Books
 c - a book of Spatial Translocations

   Spells                             Type                      Level
   a - Apportation                    Translocation                1
   b - Blink                          Translocation                2
   c - Shroud of Golubria             Charms/Translocation         2
   d - Portal Projectile              Translocation                3
   e - Teleport Other                 Translocation                3
   f - Passage of Golubria            Translocation                4
Comestibles
 f - a meat ration


   Skills:
 O Level 27 Fighting
 O Level 27 Axes
 O Level 27 Throwing
 O Level 27 Armour
 O Level 27 Dodging
 O Level 27 Stealth
 O Level 27 Unarmed Combat
 O Level 27 Spellcasting
 O Level 27 Translocations
 O Level 27 Invocations


You had 77 spell levels left.
You knew the following spells:

 Your Spells              Type           Power        Failure   Level  Hunger
a - Apportation           Tloc           ######....   0%          1    None
b - Blink                 Tloc           N/A          0%          2    None


Dungeon Overview and Level Annotations

Branches:
Dungeon (1/1)

Altars:
Makhleb


Innate Abilities, Weirdness & Mutations

Your body is rotting away.
You thrive on raw meat.
You are immune to poison.
You have sharp fingernails.
You are carnivorous and can eat meat at any time.
Your flesh is cold resistant.
You are immune to negative energy.
You heal slowly when monsters are visible.
You are immune to unholy pain and torment.
You can survive without breathing.


Message History

The crawling corpse is destroyed!
A fleshlord comes into view. It is wielding a +9 great mace.
The fleshlord shouts!
Unknown command.
Casting: Blink
Confirm with . or Enter, or press ? or * to list all spells.
You blink.
A dread comes into view.
You hear a shout! x5
The bag of meat hits you but does no damage.
The bag of meat hits you with a +9 war axe!
You hear a shout! x2
The bag of meat hits you with a +9 war axe!!
The fleshlord gestures wildly while chanting.
The fleshlord seems to speed up.
You hear a shout!
The bag of meat hits you with a +9 war axe!
The sculptor of flesh hits you with a +9 great sword!!!!!
Ouch! That really hurt!
You die...

###.......%%.#_.<. .o.
.##....#§......#).).
#...p#..%..%..#.X...)%)_.
#.z..#...%%..§%.......###
#...o....%....O§.###.%)%.
#.....%..%..W)p....#.).§.
#........p.)xX.)..%#S))).
#.....ooD.#))o§z)...)))))
#.)§§.oz@#.#V#)%.....))).
#..x)§xooo#)#)..%.%..)).%
#.)###.Wo#.#.#§.....%%).%
#..).##...#.#..x%.#...)).
#....)#......).%%...))...
#....x..##.).....##.#))..
####.....##)...%)))))....
####......####.%))#...
####.........))))).


You could see an eight-headed meat hydra, 2 fleshlords, 2 sculptors of flesh, 2
dreads, a meat berserker (berserk), a small abomination and 9 bags of meat.

Vanquished Creatures
  Dispater (D)
  10 hell knights (D)
  9 hell beasts (D)
  4 greater mummies (D)
  10 great orbs of eyes (D)
  6 wraiths (D)
  19 vampire knights (D)
  34 ogres (D)
  8 liches (D)
  7 hydras (D)
  82 orcs (D)
  7 phantoms (D)
  11 hill giants (D)
  9 skeletal warriors (D)
  13 sea snakes (D)
  7 large abominations (D)
  An Orb Guardian (D)
  A ball lightning (D)
  8 small abominations (D)
  15 crawling corpses (D)
262 creatures vanquished.

Vanquished Creatures (others)
  A ball lightning (D)
  7 crawling corpses (D)
8 creatures vanquished.

Grand Total: 270 creatures vanquished

Notes
Turn   | Place    | Note
--------------------------------------------------------------
     0 | D        | ztt the Ghoul Warper began the quest for the Orb.
     0 | D        | Reached XP level 1. HP: 17/17 MP: 2/2
     3 | D        | Noticed a bag of meat
     3 | D        | Noticed a bag of meat
     3 | D        | Noticed a meat berserker
     4 | D        | Noticed a bag of meat
     4 | D        | Killed a meat berserker
     4 | D        | Reached skill level 13 in Fighting
     4 | D        | Reached skill level 20 in Translocations
     4 | D        | Reached XP level 2. HP: 20/44 MP: 2/14
     4 | D        | Reached XP level 3. HP: 22/50 MP: 2/15
     4 | D        | Reached XP level 4. HP: 25/58 MP: 2/17
     4 | D        | Reached XP level 5. HP: 27/64 MP: 2/18
     4 | D        | Reached XP level 6. HP: 30/72 MP: 2/20
     4 | D        | Reached XP level 7. HP: 32/79 MP: 2/21
     4 | D        | Reached XP level 8. HP: 34/86 MP: 2/23
     4 | D        | Reached XP level 9. HP: 36/93 MP: 2/24
     4 | D        | Reached XP level 10. HP: 39/101 MP: 2/25
     4 | D        | Reached XP level 11. HP: 41/107 MP: 2/26
     4 | D        | Reached XP level 12. HP: 44/115 MP: 2/27
     4 | D        | Reached XP level 13. HP: 46/122 MP: 2/28
     5 | D        | Became a worshipper of Makhleb the Destroyer
     7 | D        | Noticed a meat berserker
     7 | D        | Killed a bag of meat
     7 | D        | Reached skill level 21 in Translocations
     7 | D        | Reached XP level 14. HP: 48/133 MP: 2/30
     8 | D        | Noticed a bag of meat
     9 | D        | Noticed a bag of meat
     9 | D        | Noticed a meat berserker
     9 | D        | Killed a bag of meat
     9 | D        | Acquired Makhleb's first power
     9 | D        | Reached skill level 15 in Fighting
     9 | D        | Reached skill level 5 in Throwing
     9 | D        | Reached skill level 23 in Translocations
    10 | D        | Killed a meat berserker
    10 | D        | Reached skill level 15 in Spellcasting
    10 | D        | Reached skill level 25 in Translocations
    10 | D        | Reached XP level 15. HP: 51/146 MP: 3/33
    10 | D        | Killed a bag of meat
    10 | D        | Acquired Makhleb's second power
    10 | D        | Reached skill level 15 in Axes
    10 | D        | Reached skill level 26 in Translocations
    10 | D        | Reached XP level 16. HP: 103/157 MP: 3/34
    11 | D        | Killed a meat berserker
    11 | D        | Reached skill level 5 in Armour
    11 | D        | Reached skill level 27 in Translocations
    12 | D        | Killed a bag of meat
    12 | D        | Acquired Makhleb's third power
    12 | D        | Reached XP level 17. HP: 128/171 MP: 4/38
    13 | D        | Noticed a bag of meat
    13 | D        | Killed a bag of meat
    14 | D        | Noticed a meat berserker
    15 | D        | Killed a bag of meat
    16 | D        | Noticed a meat berserker
    17 | D        | Noticed a bag of meat
    17 | D        | Noticed a bag of meat
    17 | D        | Noticed a bag of meat
    17 | D        | Noticed a meat berserker
    17 | D        | Noticed a bag of meat
    19 | D        | Killed a meat berserker
    19 | D        | Acquired Makhleb's fourth power
    19 | D        | Reached XP level 18. HP: 184/190 MP: 6/41
    20 | D        | Killed a meat berserker
    21 | D        | Noticed a bag of meat
    21 | D        | Killed a bag of meat
    21 | D        | Reached skill level 10 in Throwing
    21 | D        | Reached XP level 19. HP: 201/204 MP: 6/44
    22 | D        | Noticed a bag of meat
    22 | D        | Noticed a bag of meat
    22 | D        | Noticed a meat berserker
    22 | D        | Noticed a bag of meat
    22 | D        | Killed a meat berserker
    22 | D        | Acquired Makhleb's fifth power
    22 | D        | Reached skill level 27 in Fighting
    22 | D        | Reached skill level 10 in Armour
    23 | D        | Noticed a bag of meat
    23 | D        | Noticed a bag of meat
    23 | D        | Noticed a meat berserker
    24 | D        | Noticed a bag of meat
    24 | D        | Noticed a destroyer
    24 | D        | Noticed a bag of meat
    24 | D        | Noticed a bag of meat
    24 | D        | Noticed a large bag of meat
    25 | D        | Noticed a bag of meat
    26 | D        | Noticed a large bag of meat
    26 | D        | Killed a bag of meat
    26 | D        | Killed a bag of meat
    26 | D        | Reached skill level 27 in Axes
    26 | D        | Killed a meat berserker
    26 | D        | Reached XP level 20. HP: 216/216 MP: 8/49
    26 | D        | Killed a bag of meat
    26 | D        | Reached skill level 27 in Spellcasting
    27 | D        | Noticed a bag of meat
    27 | D        | Noticed a meat berserker
    27 | D        | Noticed a large bag of meat
    27 | D        | Noticed a meat berserker
    28 | D        | Noticed a bag of meat
    28 | D        | Noticed a destroyer
    28 | D        | Noticed an eight-headed meat hydra
    28 | D        | Killed a bag of meat
    28 | D        | Reached skill level 27 in Dodging
    28 | D        | Killed a large bag of meat
    28 | D        | Reached skill level 15 in Armour
    28 | D        | Killed a bag of meat
    28 | D        | Reached XP level 21. HP: 224/224 MP: 8/51
    29 | D        | Noticed a meat berserker
    29 | D        | Noticed a large bag of meat
    30 | D        | Noticed a bag of meat
    30 | D        | Killed a destroyer
    30 | D        | Killed a bag of meat
    30 | D        | Killed a destroyer
    30 | D        | Reached XP level 22. HP: 233/233 MP: 9/52
    31 | D        | Noticed a bag of meat
    31 | D        | Noticed a bag of meat
    31 | D        | Noticed a meat berserker
    31 | D        | Noticed a meat berserker
    31 | D        | Killed a meat berserker
    31 | D        | Reached skill level 27 in Throwing
    31 | D        | Reached skill level 27 in Armour
    32 | D        | Noticed a destroyer
    32 | D        | Noticed a bag of meat
    32 | D        | Killed a meat berserker
    32 | D        | Killed a meat berserker
    32 | D        | Reached XP level 23. HP: 240/240 MP: 9/53
    33 | D        | Noticed a bag of meat
    33 | D        | Killed a large bag of meat
    33 | D        | Killed a nine-headed meat hydra
    33 | D        | Killed a bag of meat
    34 | D        | Noticed a large bag of meat
    34 | D        | Noticed a bag of meat
    34 | D        | Noticed a sculptor of flesh
    34 | D        | Killed a meat berserker
    34 | D        | Reached XP level 24. HP: 249/249 MP: 10/53
    35 | D        | Noticed a bag of meat
    35 | D        | Noticed a meat berserker
    35 | D        | Killed a bag of meat
    35 | D        | Reached skill level 27 in Stealth
    35 | D        | Killed a bag of meat
    35 | D        | Reached skill level 27 in Unarmed Combat
    35 | D        | Reached skill level 27 in Invocations
    35 | D        | Killed a bag of meat
    36 | D        | Noticed a bag of meat
    36 | D        | Noticed a meat berserker
    36 | D        | Killed a bag of meat
    36 | D        | Noticed a bag of meat
    37 | D        | Noticed a large bag of meat
    37 | D        | Noticed a large bag of meat
    37 | D        | Killed a large bag of meat
    37 | D        | Killed a bag of meat
    37 | D        | Killed a meat berserker
    37 | D        | Reached XP level 25. HP: 257/257 MP: 10/53
    38 | D        | Noticed a bag of meat
    38 | D        | Noticed a bag of meat
    38 | D        | Noticed a bag of meat
    38 | D        | Noticed a bag of meat
    38 | D        | Noticed a bag of meat
    38 | D        | Killed a bag of meat
    38 | D        | Killed a meat berserker
    38 | D        | Killed a destroyer
    39 | D        | Noticed a bag of meat
    39 | D        | Noticed a bag of meat
    39 | D        | Noticed a bag of meat
    39 | D        | Killed a bag of meat
    40 | D        | Noticed a destroyer
    40 | D        | Noticed a sculptor of flesh
    40 | D        | Noticed a bag of meat
    40 | D        | Killed a meat berserker
    40 | D        | Reached XP level 26. HP: 266/266 MP: 11/53
    40 | D        | Killed a bag of meat
    41 | D        | Noticed a destroyer
    41 | D        | Noticed a bag of meat
    41 | D        | Killed a bag of meat
    41 | D        | Killed a bag of meat
    41 | D        | Killed a meat berserker
    42 | D        | Noticed a sculptor of flesh
    42 | D        | Noticed a bag of meat
    42 | D        | Noticed a bag of meat
    42 | D        | Noticed a bag of meat
    42 | D        | Killed a bag of meat
    43 | D        | Killed a large bag of meat
    43 | D        | Reached XP level 27. HP: 273/273 MP: 12/53
    43 | D        | Killed a sculptor of flesh
    43 | D        | Killed a bag of meat
    44 | D        | Noticed a destroyer
    44 | D        | Killed a sculptor of flesh
    44 | D        | Killed a bag of meat
    45 | D        | Killed a large bag of meat
    45 | D        | Killed a destroyer
    46 | D        | Noticed a destroyer
    46 | D        | Noticed a destroyer
    46 | D        | Killed a bag of meat
    46 | D        | Killed a bag of meat
    46 | D        | Killed a bag of meat
    47 | D        | Noticed a bag of meat
    47 | D        | Killed a large bag of meat
    47 | D        | Killed a bag of meat
    47 | D        | Killed a bag of meat
    47 | D        | Killed a large bag of meat
    47 | D        | Killed a bag of meat
    48 | D        | Killed a bag of meat
    48 | D        | Killed a bag of meat
    49 | D        | Killed a bag of meat
    49 | D        | Killed a bag of meat
    49 | D        | Killed a destroyer
    50 | D        | Killed a sculptor of flesh
    50 | D        | Killed a bag of meat
    51 | D        | Noticed a meat berserker
    51 | D        | Noticed a meat berserker
    51 | D        | Killed a bag of meat
    51 | D        | Killed a destroyer
    52 | D        | Noticed a destroyer
    52 | D        | Noticed a destroyer
    52 | D        | Killed a destroyer
    52 | D        | Killed a bag of meat
    52 | D        | Killed a bag of meat
    53 | D        | Killed a bag of meat
    53 | D        | Killed a bag of meat
    54 | D        | Noticed a tyrant
    55 | D        | Noticed an accursed
    55 | D        | Noticed a tyrant
    55 | D        | Killed a destroyer
    55 | D        | Killed a bag of meat
    55 | D        | Killed a bag of meat
    55 | D        | Noticed a bag of meat
    55 | D        | Noticed a destroyer
    56 | D        | Killed a meat berserker
    57 | D        | Noticed a bag of meat
    57 | D        | Killed a destroyer
    57 | D        | Killed a destroyer
    57 | D        | Killed a meat berserker
    58 | D        | Noticed a meat berserker
    58 | D        | Noticed a bag of meat
    59 | D        | Noticed a dread
    59 | D        | Killed a destroyer
    60 | D        | Noticed a sculptor of flesh
    60 | D        | Noticed a destroyer
    61 | D        | Noticed a bag of meat
    63 | D        | Noticed a tyrant
    63 | D        | Noticed a meat beast
    63 | D        | Killed a bag of meat
    64 | D        | Killed a tyrant
    64 | D        | Killed an accursed
    64 | D        | Killed a bag of meat
    65 | D        | Killed a meat berserker
    65 | D        | Killed a tyrant
    66 | D        | Noticed an accursed
    66 | D        | Killed a bag of meat
    67 | D        | Noticed a bag of meat
    67 | D        | Noticed a bag of meat
    67 | D        | Noticed a dread
    67 | D        | Killed a meat beast
    67 | D        | Killed a dread
    68 | D        | Killed a destroyer
    69 | D        | Noticed a bag of meat
    70 | D        | Killed a sculptor of flesh
    71 | D        | Noticed a meat berserker
    75 | D        | Killed a meat berserker
    78 | D        | Noticed a meat berserker
    79 | D        | Killed a bag of meat
    81 | D        | Killed a dread
    81 | D        | Killed a bag of meat
    81 | D        | Killed a bag of meat
    81 | D        | Killed a tyrant
    82 | D        | Killed a meat berserker
    83 | D        | Noticed a bag of meat
    85 | D        | Noticed a meat beast
    85 | D        | Killed an accursed
    86 | D        | Noticed a meat berserker
    88 | D        | Noticed a bag of meat
    88 | D        | Noticed a bag of meat
    88 | D        | Killed a bag of meat
    88 | D        | Killed a meat beast
    90 | D        | Killed a meat berserker
    91 | D        | Noticed a bag of meat
    91 | D        | Noticed a bag of meat
    91 | D        | Noticed an observer
    91 | D        | Killed a bag of meat
    91 | D        | Killed an observer
    92 | D        | Noticed a large bag of meat
    93 | D        | Noticed a meat berserker
    93 | D        | Noticed a meat berserker
    94 | D        | Noticed a meat berserker
    94 | D        | Noticed a tyrant
    95 | D        | Noticed a meat beast
    95 | D        | Noticed an observer
    96 | D        | Noticed an observer
    96 | D        | Noticed a large bag of meat
    96 | D        | Noticed a wretched soul
    96 | D        | Learned a level 2 spell: Blink
    96 | D        | Killed a bag of meat
    96 | D        | Killed a bag of meat
    97 | D        | Noticed a meat berserker
    97 | D        | Noticed a dread
    97 | D        | Noticed a sculptor of flesh
    98 | D        | Killed a meat berserker
    98 | D        | Killed a meat berserker
    98 | D        | Killed an observer
    99 | D        | Killed a meat berserker
   100 | D        | Noticed a bag of meat
   100 | D        | Killed a bag of meat
   101 | D        | Killed a bag of meat
   102 | D        | Noticed a bag of meat
   102 | D        | Killed a meat beast
   102 | D        | Killed a meat berserker
   103 | D        | Noticed a bag of meat
   103 | D        | Killed a large bag of meat
   103 | D        | Killed a tyrant
   104 | D        | Noticed a bag of meat
   106 | D        | Noticed a wretched soul
   107 | D        | Noticed a wretched soul
   107 | D        | Killed a dread
   107 | D        | Killed a wretched soul
   107 | D        | Killed a large bag of meat
   108 | D        | Killed an observer
   109 | D        | Noticed a meat berserker
   109 | D        | Noticed a bag of meat
   109 | D        | Killed a bag of meat
   109 | D        | Killed a sculptor of flesh
   110 | D        | Noticed a meat berserker
   110 | D        | Noticed a bag of meat
   110 | D        | Noticed a bag of meat
   111 | D        | Noticed an accursed
   111 | D        | Noticed a bag of meat
   111 | D        | Killed a bag of meat
   111 | D        | Killed a bag of meat
   112 | D        | Noticed a bag of meat
   114 | D        | Killed a bag of meat
   114 | D        | Killed a bag of meat
   115 | D        | Killed a meat berserker
   115 | D        | Killed a bag of meat
   116 | D        | Killed a bag of meat
   116 | D        | Killed a meat berserker
   117 | D        | Noticed a bag of meat
   118 | D        | Noticed a bag of meat
   119 | D        | Killed an accursed
   122 | D        | Noticed a bag of meat
   122 | D        | Killed a bag of meat
   123 | D        | Noticed a bag of meat
   124 | D        | Noticed a fleshlord
   124 | D        | Noticed a fleshlord
   124 | D        | Killed a wretched soul
   125 | D        | Noticed an observer
   126 | D        | Killed a bag of meat
   126 | D        | Killed a fleshlord
   128 | D        | Killed a bag of meat
   128 | D        | Killed a wretched soul
   128 | D        | Killed a bag of meat
   129 | D        | Killed a bag of meat
   130 | D        | Noticed a bag of meat
   131 | D        | Noticed a bag of meat
   131 | D        | Killed a bag of meat
   131 | D        | Killed an observer
   133 | D        | Noticed a bag of meat
   133 | D        | Noticed a destroyer
   134 | D        | Killed a bag of meat
   134 | D        | Killed a bag of meat
   134 | D        | Killed a destroyer
   135 | D        | Noticed an observer
   135 | D        | Noticed a dread
   135 | D        | Noticed a tyrant
   136 | D        | Killed a fleshlord
   137 | D        | Killed a bag of meat
   138 | D        | Noticed a wretched soul
   138 | D        | Noticed a meat berserker
   139 | D        | Noticed a destroyer
   139 | D        | Killed a tyrant
   139 | D        | Killed an observer
   139 | D        | Killed a dread
   141 | D        | Noticed a meat beast
   142 | D        | Noticed a large bag of meat
   142 | D        | Noticed a fleshlord
   142 | D        | Killed a meat berserker
   143 | D        | Noticed a fleshlord
   143 | D        | Killed a wretched soul
   143 | D        | Killed a destroyer
   144 | D        | Noticed a meat berserker
   144 | D        | Noticed The Meatlord
   144 | D        | Noticed an observer
   145 | D        | Noticed a fleshlord
   145 | D        | Noticed a fleshlord
   145 | D        | Noticed a destroyer
   145 | D        | Killed a meat beast
   146 | D        | Noticed a bag of meat
   146 | D        | Noticed a destroyer
   147 | D        | Noticed a dread
   147 | D        | Killed a fleshlord
   148 | D        | Noticed a bag of meat
   148 | D        | Noticed a bag of meat
   148 | D        | Killed a destroyer
   148 | D        | Killed a large bag of meat
   148 | D        | Killed a meat berserker
   148 | D        | Killed a fleshlord
   148 | D        | Noticed a meat beast
   149 | D        | Noticed a fleshlord
   149 | D        | Noticed a sculptor of flesh
   149 | D        | Killed a fleshlord
   150 | D        | Noticed a sculptor of flesh
   150 | D        | Noticed a meat berserker
   150 | D        | Noticed a fleshlord
   150 | D        | Killed a fleshlord
   151 | D        | Noticed a wretched soul
   151 | D        | Noticed an observer
   151 | D        | Noticed a bag of meat
   151 | D        | Noticed a sculptor of flesh
   152 | D        | Noticed an accursed
   152 | D        | Noticed a destroyer
   152 | D        | Killed a dread
   152 | D        | Killed a meat beast
   152 | D        | Noticed a meat beast
   152 | D        | Noticed an observer
   153 | D        | Noticed a meat beast
   153 | D        | Noticed a bag of meat
   153 | D        | Killed The Meatlord
   153 | D        | Killed an observer
   153 | D        | Killed a meat berserker
   153 | D        | Noticed a bag of meat
   154 | D        | Noticed a meat berserker
   154 | D        | Noticed a wretched soul
   154 | D        | Killed an observer
   154 | D        | Killed a destroyer
   155 | D        | Killed a bag of meat
   155 | D        | Killed a meat beast
   155 | D        | Killed a meat beast
   155 | D        | Killed a fleshlord
   156 | D        | Noticed a bag of meat
   156 | D        | Noticed a meat beast
   156 | D        | Got the Orb of Zot
   156 | D        | Noticed a tyrant
   157 | D        | Noticed an observer
   157 | D        | Noticed a tyrant
   157 | D        | Noticed a tyrant
   157 | D        | Killed a sculptor of flesh
   157 | D        | Killed a sculptor of flesh
   157 | D        | Killed a bag of meat
   157 | D        | Killed a fleshlord
   157 | D        | Killed a bag of meat
   158 | D        | Noticed a sculptor of flesh
   158 | D        | Killed an observer
   158 | D        | Killed a meat berserker
   159 | D        | Noticed a meat berserker
   159 | D        | Noticed a meat berserker
   159 | D        | Noticed a meat berserker
   159 | D        | Noticed a destroyer
   159 | D        | Killed a meat beast
   159 | D        | Killed a destroyer
   160 | D        | Noticed a bag of meat
   160 | D        | Noticed a large bag of meat
   160 | D        | Killed a wretched soul
   160 | D        | Killed a destroyer
   160 | D        | Killed a sculptor of flesh
   161 | D        | Killed a bag of meat
   162 | D        | Noticed a bag of meat
   162 | D        | Noticed a meat beast
   162 | D        | Noticed a wretched soul
   162 | D        | Killed a bag of meat
   162 | D        | Killed a bag of meat
   162 | D        | Killed a meat berserker
   163 | D        | Noticed a bag of meat
   163 | D        | Noticed a fleshlord
   163 | D        | Noticed a fleshlord
   163 | D        | Noticed a bag of meat
   163 | D        | Killed a wretched soul
   163 | D        | Killed a meat berserker
   164 | D        | Noticed a sculptor of flesh
   164 | D        | Noticed a bag of meat
   164 | D        | Noticed a destroyer
   164 | D        | Noticed a wretched soul
   164 | D        | Killed a meat berserker
   165 | D        | Noticed a fleshlord
   166 | D        | Noticed a bag of meat
   166 | D        | Noticed a dread
   166 | D        | Killed an observer
   166 | D        | Killed a meat beast
   167 | D        | Noticed a bag of meat
   167 | D        | Killed a tyrant
   167 | D        | Killed a tyrant
   167 | D        | Killed a wretched soul
   173 | D        | Killed a bag of meat
   175 | D        | Killed an accursed
   177 | D        | Noticed a bag of meat
   177 | D        | Noticed a dread
   177 | D        | Killed a fleshlord
   178 | D        | Killed a fleshlord
   179 | D        | Noticed an observer
   180 | D        | Killed a large bag of meat
   181 | D        | Noticed a bag of meat
   181 | D        | Killed a dread
   182 | D        | Killed a bag of meat
   183 | D        | Killed an observer
   183 | D        | Killed a sculptor of flesh
   184 | D        | Noticed a bag of meat
   184 | D        | Noticed a fleshlord
   184 | D        | Killed a destroyer
   185 | D        | Noticed a sculptor of flesh
   185 | D        | Killed a tyrant
   185 | D        | Killed a bag of meat
   185 | D        | Noticed a fleshlord
   186 | D        | Noticed a dread
   186 | D        | Annihilated by a sculptor of flesh

Vault maps used:
D:        meatsprint

Action                   |  1- 3 |  4- 6 |  7- 9 | 10-12 | 13-15 | 16-18 | 19-21 | 22-24 | 25-27 || total
-------------------------+-------+-------+-------+-------+-------+-------+-------+-------+-------++-------
Melee: Executioner's axe |     1 |       |       |       |     3 |     7 |     4 |     7 |   100 ||   122
 Cast: Blink             |       |       |       |       |       |       |       |       |     6 ||     6
